 Dungeon Crawl Stone Soup version 0.17-a0-1181-gabc46e6 (webtiles) character file.

156938 Chiseanne the Severer (level 17, -3/127 HPs)
             Began as an Octopode Assassin on June 1, 2015.
             Was an Initiate of Gozag.
             Killed from afar by a deep elf high priest (27 damage)
             ... with a burst of hellfire
             ... on level 3 of the Elven Halls.
             The game lasted 02:37:07 (42817 turns).

Chiseanne the Severer (Octopode Assassin)          Turns: 42817, Time: 02:37:08

Health: -3/127     AC:  3    Str: 22    XL:     17   Next: 68%
Magic:  26/26      EV: 31    Int: 18    God:    Gozag
Gold:   3941       SH: 20    Dex: 22    Spells: 1 memorised, 15 levels left

rFire  + + .     SeeInvis +     a - +10 war axe of Xazusull {venom, +Rage rElec}
rCold  + + +     Clarity  .     R - +1 large shield
rNeg   . . .     SustAt   .     o - +2 hat {MR+}
rPois  +         Gourm    .     C - amulet of resist corrosion
rElec  +         Spirit   .     y - ring of stealth
rCorr  +         Warding  .     g - ring "Oraokoq" {rF+ MP+9}
rMut   .         Stasis   .     r - ring of see invisible
MR     ++++.                    E - ring of protection from cold
Stlth  ++++++++..               G - +3 ring of strength
                                t - ring of protection from magic
                                U - ring "Eddao" {rPois Str+4 Dex-4 Slay+3 Stlth-}
                                j - ring of the Special Lives {rC+ MR+ Int+3 Stlth+}

@: mighty, agile, resistant, very slightly contaminated, hasted (expiring), very
quick, incredibly resistant to hostile enchantments, extraordinarily stealthy
A: almost no armour, amphibious, 8 rings, constrict 8, antennae 1, camouflage 1,
agile 1, slow healing 1, gelatinous body 1
a: Potion Petition, Call Merchant, Bribe Branch, Renounce Religion, Evoke
Berserk Rage


You were on level 3 of the Elven Halls.
You worshipped Gozag.
Gozag was noncommittal.
You were not hungry.

You visited 5 branches of the dungeon, and saw 31 of its levels.
You also visited: Labyrinth.

You collected 12660 gold pieces.
You spent 3272 gold pieces at shops.
You paid 5447 gold pieces to Gozag.

Inventory:

Hand weapons
 a - the +10 war axe of Xazusull (weapon) {venom, +Rage rElec}
   (You found it on level 4 of the Dungeon)

   It poisons the flesh of those it strikes.
   It insulates you from electricity.
   It lets you go berserk.
 d - a +2 flail of protection
 s - a +2 scimitar of flaming
 w - a +5 blowgun
Missiles
 c - 101 poisoned needles
 f - 28 tomahawks (quivered)
Armour
 o - a +2 hat of magic resistance (worn)
 R - a +1 large shield (worn)
Jewellery
 g - the ring "Oraokoq" (right tentacle) {rF+ MP+9}
   (You found it on level 8 of the Lair of Beasts)

   [ring of protection from fire]

   It protects you from fire.
   It affects your magic capacity (+9).
 j - the ring of the Special Lives (on tentacle) {rC+ MR+ Int+3 Stlth+}
   (You took it off a minotaur in a labyrinth)

   [ring of stealth]

   It affects your intelligence (+3).
   It protects you from cold.
   It affects your resistance to hostile enchantments.
   It makes you more stealthy.
 r - a ring of see invisible (on tentacle)
 t - a ring of protection from magic (on tentacle)
 y - a ring of stealth (left tentacle)
 C - an amulet of resist corrosion (around mantle)
 E - a ring of protection from cold (on tentacle)
 G - a +3 ring of strength (on tentacle)
 U - the ring "Eddao" (on tentacle) {rPois Str+4 Dex-4 Slay+3 Stlth-}
   (You found it on level 4 of the Lair of Beasts)

   [ring of loudness]

   It affects your strength (+4).
   It affects your dexterity (-4).
   It affects your accuracy and damage with ranged weapons and melee attacks
   (+3).
   It protects you from poison.
   It makes you less stealthy.
Magical devices
 l - a wand of lightning (2)
 n - a wand of invisibility (1)
 q - a wand of teleportation (6)
 u - a wand of draining (3)
 v - a wand of fire (10)
 x - a wand of fire (9)
 I - a wand of hasting (3)
 J - a wand of heal wounds (0)
 K - a wand of disintegration (12)
 L - a wand of invisibility (5)
 M - a wand of invisibility (5)
 N - a wand of cold (12)
 O - a wand of disintegration (6)
Scrolls
 i - 5 scrolls of magic mapping
 k - 3 scrolls of fog
 m - 22 scrolls of remove curse
 p - a scroll of blinking
 B - 5 scrolls of teleportation
 H - 3 scrolls of fear
 P - 11 scrolls of identify
 S - 2 scrolls of silence
Potions
 b - 4 potions of lignification
 D - 9 potions of curing
 W - a potion of cancellation
 X - a potion of resistance
Miscellaneous
 e - a stone of tremors
 Y - a phial of floods
Comestibles
 A - 10 meat rations
 V - 5 bread rations


   Skills:
 * Level 15.6 Fighting
 - Level 16.1 Axes
 - Level 2.0 Throwing
 * Level 16.1 Dodging
 - Level 10.1 Stealth
 * Level 12.2 Shields


You had 15 spell levels left.
You knew the following spells:

 Your Spells              Type           Power        Failure   Level  Hunger
a - Beastly Appendage     Trmt           #.....       92%         1    ##.....


Dungeon Overview and Level Annotations

Branches:
Dungeon (15/15)            Temple (1/1) D:5            Lair (8/8) D:10
 Shoals (0/4) Lair:4        Snake (0/4) Lair:5        Slime (0/6) Lair:6
    Orc (4/4) D:9             Elf (3/3) Orc:4        Vaults (0/5) D:14
 Depths (0/5) D:15

Altars:
Ashenzari
Cheibriados
Dithmenos
Elyvilon
Fedhas
Gozag
Kikubaaqudgha
Makhleb
Nemelex Xobeh
Okawaru
Qazlal
Ru
Sif Muna
Trog
Vehumet
Xom
Yredelemnul
Zin
The Shining One
Beogh

Shops:
D:5 !   D:10 %   D:14 *   Orc:2 [   Orc:4 }[*}   Elf:1 *   Elf:2 (   Elf:3 *

Portals:
Trove: D:11 (give horn of Geryon)

Annotations:
D:4 Mulkerokala's ghost, experienced KoAM
Elf:2 3 runed doors, exclusion: Roxanne, Roxanne


Innate Abilities, Weirdness & Mutations

You cannot wear most types of armour.
You are amphibious.
You can wear up to eight rings at the same time.
You can use your tentacles to constrict eight enemies at once.
Your skin changes colour to match your surroundings (Stealth).
Your rubbery body absorbs attacks (AC +1).
You have a pair of small antennae on your head.
You are agile. (Dex +2)
You heal slowly when monsters are visible.


Message History

You kill the deep elf annihilator!
You slice the deep elf demonologist!!
You kill the deep elf demonologist!
You slash the deep elf demonologist!
The deep elf demonologist is poisoned.
The deep elf demonologist is almost dead.
The Ice Fiend disappears in a puff of smoke!
You block the orange demon's attack.
The deep elf high priest is distracted by the nearby gold.
The blue devil is distracted by the nearby gold.
Your shield prevents you from hitting the deep elf demonologist.
The deep elf high priest shouts!
You grab the deep elf demonologist. You squeeze the deep elf demonologist.
You kill the deep elf demonologist!
The orange demon disappears in a puff of smoke!
The Ice Fiend disappears in a puff of smoke!
The deep elf annihilator is distracted by the nearby gold.
The deep elf high priest mumbles some strange prayers to its god against you.
The hellfire explodes!
The burst of hellfire engulfs you!
You die...
Your body crumbles into a pile of gold.

$$ .....##.##.....
......#'#...... ...............
#.............# #......e......#
#...§§ee..# #4e$$$§.# #######
#@################ ......#
+$$...'..........# ......+
#..$..#..........# ......#
#$$...#..........'
####+####+######'#############'##
.................................
.................................
#################################
≈≈≈≈≈≈≈≈≈≈≈≈≈≈≈≈≈≈≈≈≈≈≈≈≈≈≈≈≈≈≈≈≈


You could see 2 deep elf annihilators, 2 deep elf high priests and a blue devil.

Vanquished Creatures
  Jorgrun (Elf:3)
  Rupert (Orc:2)
  Asterion (Elf:3)
  Gastronok (D:12)
  Frances (D:13)
  Maud (Orc:3)
  3 deep elf sorcerers
  A stone giant (Orc:4)
  4 deep elf demonologists (Elf:3)
  3 deep elf annihilators
  A minotaur (Lab)
  Snorg (Lair:3)
  A deep elf death mage (Elf:3)
  2 deep elf high priests (Elf:3)
  A vault guard (D:11)
  2 ice dragons
  Fannar (D:10)
  Harold (Orc:2)
  Erolcha (D:9)
  6 hydras
  A dancing weapon (Elf:2)
  A queen ant (Lair:2)
  A tengu warrior (D:13)
  8 orc high priests (Orc:4)
  7 death yaks
  Sonja (D:10)
  Nergalle (D:10)
  A fire crab (Lair:6)
  7 deep elf knights
  A sun demon (Elf:3)
  5 deep elf summoners
  An unseen horror (D:13)
  An ice statue (Lair:4)
  Pikel (D:6)
  5 hill giants
  2 orc knights
  17 ugly things
  A wolf spider zombie (D:15)
  20 deep elf conjurers
  4 manticores
  2 griffons (Lair:8)
  A moth of wrath (shapeshifter) (D:15)
  26 elephants
  An orc sorcerer (D:14)
  3 cyclopes
  An oklob plant (Lair:6)
  A water nymph (shapeshifter) (D:15)
  A siren (Lair:4)
  Maurice (Orc:3)
  2 sixfirhies
  8 black mambas
  A black mamba (shapeshifter) (Elf:1)
  3 gargoyles
  6 centaur skeletons
  An efreet (D:13)
  14 spiny frogs
  3 kobold demonologists
  9 komodo dragons
  A queen bee (shapeshifter) (D:15)
  2 spriggan druids (Lair:8)
  4 deep elf priests
  A blue devil (Elf:3)
  A two-headed ogre (shapeshifter) (D:15)
  9 polar bears
  A raiju (shapeshifter) (D:14)
  A harpy skeleton (D:15)
  Grinder (D:6)
  29 blink frogs
  5 fire drakes
  A boulder beetle (shapeshifter) (D:15)
  10 trolls
  2 ravens (D:13)
  11 slime creatures
  A blink frog (shapeshifter) (Elf:1)
  4 two-headed ogres
  A redback (shapeshifter) (D:15)
  Sigmund (D:6)
  17 deep elf magi
  A centaur simulacrum (D:13)
  10 spriggans (Lair:8)
  38 yaks
  A shadow (D:13)
  13 redbacks
  6 basilisks
  Eustachio (D:6)
  2 wraiths
  6 hungry ghosts
  Grum (Lair:1)
  17 deep elf fighters
  6 hippogriffs
  A neqoxec (Orc:4)
  20 wargs
  6 soldier ants
  A steam dragon (D:11)
  2 mottled dragons
  15 water moccasins
  31 wolves
  A harpy simulacrum (D:15)
  5 ice beasts
  2 slaves (D:6)
  5 wasps
  9 porcupines
  20 orc warriors
  5 sky beasts
  4 black bears (Lair:8)
  8 boggarts (D:15)
  An eye of draining (shapeshifter) (D:13)
  4 phantoms
  13 ogres
  4 big kobolds
  A necrophage (D:14)
  A tengu (shapeshifter) (D:14)
  19 crocodiles
  17 centaurs
  A brain worm (shapeshifter) (D:15)
  A wyvern zombie (D:8)
  20 giant frogs
  3 scorpions
  A wyvern skeleton (D:15)
  2 electric eels (Elf:3)
  18 wights
  8 killer bees (D:8)
  3 giant frog zombies
  12 crimson imps
  43 orc priests
  5 hounds
  A wasp zombie (D:13)
  15 orc wizards
  A quasit (D:9)
  3 giant frog skeletons
  5 jellies
  3 hell rats (Elf:1)
  10 iguanas
  16 sheep
  2 killer bee zombies
  22 worker ants
  2 hound zombies
  A hound skeleton (D:8)
  A worker ant zombie (D:6)
  49 river rats
  9 gnolls
  17 adders
  5 shadow imps
  3 white imps (Lair:4)
  An ooze (D:1)
  2 adder skeletons
  A worm (D:4)
  4 giant geckos
  205 orcs
  3 ball pythons
  A bat skeleton (D:5)
  A bat zombie (D:8)
  4 giant cockroaches
  12 hobgoblins
  19 jackals
  37 kobolds
  4 quokkas
  20 bats
  2 giant newts
  16 goblins
  18 rats
  12 fungi
  15 plants
1263 creatures vanquished.

Vanquished Creatures (collateral kills)
  A hydra (Lair:2)
  An ugly thing (D:14)
  An orc (D:14)
3 creatures vanquished.

Vanquished Creatures (others)
  A lorocyproca (Elf:3)
  A deep elf fighter (Elf:2)
  An orc (D:10)
  A bat (D:2)
  5 jackals
  A goblin (D:6)
  2 bushes (Lair:8)
  13 fungi (Lair:8)
  10 plants
35 creatures vanquished.

Grand Total: 1301 creatures vanquished

Notes
Turn   | Place    | Note
--------------------------------------------------------------
     0 | D:1      | Chiseanne the Octopode Assassin began the quest for the Orb.
     0 | D:1      | Reached XP level 1. HP: 14/14 MP: 1/1
   401 | D:1      | Reached XP level 2. HP: 17/19 MP: 2/2
   422 | D:1      | Reached skill level 6 in Stealth
  1164 | D:2      | Reached XP level 3. HP: 24/24 MP: 3/3
  1394 | D:2      | Reached skill level 7 in Stealth
  1747 | D:2      | Reached XP level 4. HP: 29/29 MP: 4/4
  2250 | D:3      | Found a radiant altar of Vehumet.
  2250 | D:3      | Found a basalt altar of Yredelemnul.
  2253 | D:3      | Found a shimmering altar of Xom.
  2537 | D:3      | Reached XP level 5. HP: 24/35 MP: 5/5
  2735 | D:3      | Found an opulent altar of Gozag.
  2749 | D:3      | Reached skill level 8 in Stealth
  2808 | D:3      | Became a worshipper of Gozag Ym Sagoz the Greedy
  3006 | D:3      | Found a shadowy altar of Dithmenos.
  3008 | D:3      | Found a white marble altar of Elyvilon.
  3231 | D:4      | Noticed Mulkerokala's ghost (experienced KoAM)
  3282 | D:4      | Noticed a phantom
  3310 | D:4      | Killed a phantom
  3310 | D:4      | Reached XP level 6. HP: 23/41 MP: 6/6
  3780 | D:4      | Found a glowing silver altar of Zin.
  3819 | D:4      | Got a crude war axe
  3820 | D:4      | Identified the +10 war axe of Xazusull {venom, +Rage rElec} (You found it on level 4 of the Dungeon)
  3834 | D:4      | Reached skill level 9 in Stealth
  4593 | D:4      | Found an iron altar of Okawaru.
  4602 | D:4      | Reached XP level 7. HP: 46/46 MP: 7/7
  4782 | D:5      | Entered Level 5 of the Dungeon
  4787 | D:5      | Found a staircase to the Ecumenical Temple.
  4795 | D:5      | Reached skill level 10 in Stealth
  4797 | D:5      | Reached skill level 1 in Axes
  4819 | Temple   | Entered the Ecumenical Temple
  5243 | D:5      | Found Anarch's Distillery.
  5246 | D:5      | Bought a potion of degeneration for 12 gold pieces
  5252 | D:5      | Bought a potion of invisibility for 96 gold pieces
  5252 | D:5      | Bought a potion of might for 48 gold pieces
  5252 | D:5      | Bought a potion of curing for 36 gold pieces
  5252 | D:5      | Bought a potion of curing for 36 gold pieces
  5252 | D:5      | Bought a potion of might for 48 gold pieces
  5252 | D:5      | Bought a potion of might for 48 gold pieces
  5252 | D:5      | Bought a potion of curing for 36 gold pieces
  5462 | D:5      | Reached XP level 8. HP: 51/54 MP: 8/8
  5568 | D:5      | Found a burning altar of Makhleb.
  5956 | D:6      | Noticed Sigmund
  5965 | D:6      | Killed Sigmund
  5965 | D:6      | Reached skill level 5 in Dodging
  6006 | D:6      | Reached skill level 5 in Fighting
  6162 | D:6      | Noticed Grinder
  6178 | D:6      | Killed Grinder
  6178 | D:6      | Reached XP level 9. HP: 54/61 MP: 9/9
  6230 | D:6      | Noticed Eustachio
  6239 | D:6      | Killed Eustachio
  6239 | D:6      | Reached skill level 5 in Axes
  6453 | D:6      | Noticed Pikel
  6466 | D:6      | Killed Pikel
  7051 | D:7      | Found a sparkling altar of Nemelex Xobeh.
  7263 | D:7      | Reached XP level 10. HP: 48/71 MP: 10/10
  7384 | D:7      | Found a stormy altar of Qazlal.
  8533 | D:8      | Learned a level 1 spell: Beastly Appendage
  8690 | D:9      | Noticed Erolcha
  8703 | D:9      | Killed Erolcha
  8712 | D:9      | Found a staircase to the Orcish Mines.
  9738 | D:10     | Entered Level 10 of the Dungeon
  9859 | D:10     | Noticed Sonja
  9870 | D:10     | Reached XP level 11. HP: 43/78 MP: 11/11
  9873 | D:10     | Killed Sonja
  9873 | D:10     | Reached skill level 1 in Shields
 10097 | D:10     | Noticed Fannar
 10116 | D:10     | Killed Fannar
 10214 | D:10     | Reached skill level 10 in Axes
 10399 | D:10     | Noticed Nergalle
 10756 | D:10     | Killed Nergalle
 10893 | D:10     | Found Boabbethe's Food Emporium.
 10899 | D:10     | Bought a meat ration for 70 gold pieces
 10899 | D:10     | Bought 2 fruits for 42 gold pieces
 10899 | D:10     | Bought a meat ration for 70 gold pieces
 10899 | D:10     | Bought a meat ration for 70 gold pieces
 10899 | D:10     | Bought a meat ration for 70 gold pieces
 10899 | D:10     | Bought a bread ration for 70 gold pieces
 10899 | D:10     | Bought a bread ration for 70 gold pieces
 11413 | D:10     | Found a staircase to the Lair.
 11446 | Lair:1   | Entered Level 1 of the Lair of Beasts
 11514 | Lair:1   | Noticed Grum
 11524 | Lair:1   | Killed Grum
 12092 | Lair:1   | Reached skill level 11 in Axes
 12219 | Lair:1   | Reached XP level 12. HP: 56/86 MP: 12/12
 12756 | D:9      | Reached skill level 10 in Dodging
 12802 | Orc:1    | Entered Level 1 of the Orcish Mines
 13298 | Orc:3    | Found a roughly hewn altar of Beogh.
 13616 | Orc:3    | Noticed Maurice
 13627 | Orc:3    | Killed Maurice
 14040 | Orc:2    | Noticed Rupert
 14055 | Orc:2    | Noticed Harold
 14095 | Orc:2    | Killed Harold
 14366 | Orc:2    | Killed Rupert
 14366 | Orc:2    | Reached skill level 10 in Fighting
 14750 | Orc:2    | Found Amineid's Armour Shoppe.
 14816 | Orc:3    | Noticed Maud
 14836 | Orc:3    | Killed Maud
 14836 | Orc:3    | Reached skill level 12 in Axes
 15036 | Orc:4    | Entered Level 4 of the Orcish Mines
 15080 | Orc:4    | Reached skill level 5 in Shields
 15368 | Orc:4    | Found a staircase to the Elven Halls.
 15387 | Orc:4    | Found a roughly hewn altar of Beogh.
 15858 | Orc:4    | Noticed an orc high priest
 15907 | Orc:4    | Noticed a stone giant
 15970 | Orc:4    | Killed a stone giant
 16256 | Orc:4    | Killed an orc high priest
 16270 | Orc:4    | Noticed an orc high priest
 16281 | Orc:4    | Gained mutation: You are agile. (Dex +2) [a neqoxec]
 16282 | Orc:4    | Gained mutation: You heal slowly when monsters are visible. [a neqoxec]
 16283 | Orc:4    | Killed an orc high priest
 16283 | Orc:4    | Reached XP level 13. HP: 71/93 MP: 13/13
 16551 | Orc:4    | Noticed an orc high priest
 16562 | Orc:4    | Killed an orc high priest
 16951 | Orc:4    | Found Sakosura's Gadget Emporium.
 16951 | Orc:4    | Found Nicsainn's Armour Shop.
 16958 | Orc:4    | Noticed an orc high priest
 16966 | Orc:4    | Killed an orc high priest
 16985 | Orc:4    | Noticed an orc high priest
 16995 | Orc:4    | Killed an orc high priest
 17079 | Orc:4    | Noticed an orc high priest
 17085 | Orc:4    | Found a roughly hewn altar of Beogh.
 17088 | Orc:4    | Killed an orc high priest
 17287 | Orc:4    | Found Viebirup's General Store.
 17287 | Orc:4    | Found Zetiesin's Gadget Shop.
 17304 | Orc:4    | Bought a scroll of fog for 30 gold pieces
 17304 | Orc:4    | Bought a scroll of remove curse for 45 gold pieces
 17304 | Orc:4    | Bought a scroll of immolation for 52 gold pieces
 17304 | Orc:4    | Bought a scroll of remove curse for 45 gold pieces
 17304 | Orc:4    | Bought a bread ration for 75 gold pieces
 17304 | Orc:4    | Bought a meat ration for 75 gold pieces
 17349 | Orc:4    | Noticed an orc high priest
 17354 | Orc:4    | Killed an orc high priest
 17379 | Orc:4    | Noticed an orc high priest
 17389 | Orc:4    | Killed an orc high priest
 17661 | Orc:4    | Reached skill level 13 in Axes
 18806 | D:11     | Noticed a vault guard
 18812 | D:11     | Killed a vault guard
 18819 | D:11     | Found a portal to a secret trove of treasure.
 19486 | D:12     | Noticed Gastronok
 19506 | D:12     | Killed Gastronok
 20860 | D:12     | Gained mutation: You have a pair of small antennae on your head. [potion of beneficial mutation]
 20980 | D:13     | Found Qurem's Food Boutique.
 21106 | D:13     | Bought a slice of pizza for 19 gold pieces
 21106 | D:13     | Bought a bread ration for 65 gold pieces
 21106 | D:13     | Bought a slice of pizza for 19 gold pieces
 21106 | D:13     | Bought a meat ration for 65 gold pieces
 21106 | D:13     | Bought a meat ration for 65 gold pieces
 21106 | D:13     | Bought 3 fruits for 58 gold pieces
 21106 | D:13     | Bought a beef jerky for 19 gold pieces
 21106 | D:13     | Bought 3 slices of pizza for 58 gold pieces
 21106 | D:13     | Bought a bread ration for 65 gold pieces
 21106 | D:13     | Bought a slice of pizza for 19 gold pieces
 21173 | D:13     | Reached XP level 14. HP: 82/102 MP: 14/14
 21324 | D:13     | Reached skill level 14 in Axes
 21912 | D:13     | Noticed Frances
 21926 | D:13     | Killed Frances
 22282 | D:14     | Found Bunull's General Store.
 22292 | D:14     | Bought a scroll of remove curse for 54 gold pieces
 22292 | D:14     | Bought a potion of might for 72 gold pieces
 22292 | D:14     | Bought a scroll of silence for 135 gold pieces
 22292 | D:14     | Bought a potion of haste for 180 gold pieces
 22572 | D:14     | Found a gate to the Vaults.
 24531 | D:13     | HP: 2/104 [raven[a tengu warrior] (10)]
 25443 | D:14     | Bought a wand of heal wounds (4) for 864 gold pieces
 25474 | D:15     | Entered Level 15 of the Dungeon
 25738 | D:15     | Reached skill level 15 in Axes
 26529 | D:15     | Reached XP level 15. HP: 73/109 MP: 15/15
 27746 | D:15     | Found a staircase to the Depths.
 30364 | Lair:3   | Noticed Snorg
 30375 | Lair:3   | Killed Snorg
 31838 | Lair:4   | Found a staircase to the Shoals.
 31975 | Lair:4   | Got a fine copper ring
 31976 | Lair:4   | Identified the ring "Eddao" {rPois Str+4 Dex-4 Slay+3 Stlth-} (You found it on level 4 of the Lair of Beasts)
 32970 | Lair:5   | Found a radiant altar of Vehumet.
 32981 | Lair:5   | Reached skill level 16 in Axes
 33844 | Lair:5   | You fall through a shaft for 2 floors!
 34180 | Lair:6   | Found a labyrinth entrance.
 34186 | Lab      | Entered a labyrinth
 34460 | Lab      | Reached XP level 16. HP: 93/117 MP: 16/16
 34462 | Lab      | Got a faintly glowing bronze ring
 34464 | Lab      | Identified the ring of the Special Lives {rC+ MR+ Int+3 Stlth+} (You took it off a minotaur in a labyrinth)
 34467 | Lab      | Identified Sif Muna's Papyrus of Flying Venom
 34468 | Lab      | Got a crystal spear
 34475 | Lab      | Identified the +6 spear of Mayhem {antimagic, Str+2 SInv} (You found it in a labyrinth)
 34482 | Lab      | Got a transparent glaive {freeze}
 34490 | Lab      | Identified the +7 glaive of Ravage {freeze, rN+ Dex+4} (You took it off a minotaur in a labyrinth)
 34562 | Lair:6   | Found a staircase to the Slime Pits.
 36567 | Lair:7   | Reached skill level 10 in Shields
 36886 | Lair:8   | Entered Level 8 of the Lair of Beasts
 37336 | Lair:8   | Got a vibrating copper ring
 37343 | Lair:8   | Identified the ring "Oraokoq" {rF+ MP+9} (You found it on level 8 of the Lair of Beasts)
 38282 | Lair:8   | Reached skill level 15 in Dodging
 39179 | Lair:5   | Found a staircase to the Snake Pit.
 40001 | Elf:1    | Entered Level 1 of the Elven Halls
 40110 | Elf:1    | Reached XP level 17. HP: 34/126 MP: 17/17
 40410 | Elf:1    | Identified the Compendium of Conjuration and Flight
 40428 | Elf:1    | Identified a scroll of acquirement
 40569 | Elf:1    | Reached skill level 15 in Fighting
 40824 | Elf:1    | Found Xitiocw's General Store.
 40843 | Elf:1    | Bought a beef jerky for 21 gold pieces
 40843 | Elf:1    | Bought a scroll of remove curse for 42 gold pieces
 40843 | Elf:1    | Bought 5 fruits for 105 gold pieces
 40843 | Elf:1    | Bought a scroll of teleportation for 42 gold pieces
 41086 | Elf:2    | Found Weaceuli's Antique Weapon Boutique.
 41305 | Elf:2    | Found a runed gate.
 41306 | Elf:2    | Found a runed gate.
 41374 | Elf:2    | Found a runed gate.
 41439 | Elf:2    | Noticed Roxanne
 41991 | Elf:3    | Entered Level 3 of the Elven Halls
 42021 | Elf:3    | Noticed Asterion
 42034 | Elf:3    | Noticed a spectral weapon
 42037 | Elf:3    | Killed Asterion
 42305 | Elf:3    | Found Coefahino's General Store.
 42314 | Elf:3    | Bought a scroll of identify for 34 gold pieces
 42314 | Elf:3    | Bought a scroll of enchant armour for 127 gold pieces
 42795 | Elf:3    | Noticed Jorgrun
 42796 | Elf:3    | Noticed a Hell Sentinel
 42807 | Elf:3    | Noticed an Ice Fiend
 42808 | Elf:3    | Noticed an Ice Fiend
 42813 | Elf:3    | Killed Jorgrun
 42817 | Elf:3    | Killed from afar by a deep elf high priest

Vault maps used:
D:1:      dpeg_arrival_tiny_j, kennysheep_boxes
D:2:      first_bread, lemuel_old_faithful
D:3:      nicolae_overflow_hidden_temple, nicolae_gozag_seed_capital
D:4:      wad_woods_stonehenge, okawaru_gym_becter
D:5:      kennysheep_little_box, minmay_temple_entry_glass, serial_shops,
          nicolae_shop_behind_doors
D:6:      kennysheep_generic_room_7, uniq_grinder, uniq_sigmund, uniq_pikel,
          uniq_eustachio
D:7:      lemuel_crystal_altar, nicolae_qazlal_general_emergency
D:9:      david_orc_3, uniq_erolcha
D:10:     erik_lair_dragon, uniq_nergalle, uniq_fannar, uniq_sonja
D:11:     enter_trove_5
D:12:     uniq_gastronok
D:13:     uniq_frances
D:14:     lemuel_castle_with_subvaults, david_vaults_4, serial_shops, shop
D:15:     gammafunk_enter_depths_forms, minmay_misc_feat_diagonals
Temple:   nicolae_temple_no_exploring_needed
Lair:1:   beast_lair_carwin_4, uniq_grum
Lair:2:   wad_woods_antlair
Lair:3:   uniq_snorg
Lair:4:   minmay_shoals_entry_lonely_mermaid, ice2_lemuel, serial_bayou_shore_b,
          grunt_megastairs_4
Lair:5:   dummy_snake_entry, lemuel_centaur_altar
Lair:6:   slime_dummy, lab_entry_generic, patterned_corridor, lemuel_fruit_tree
Lair:8:   minmay_lair_end_enchanted_forest, grunt_forest_large_clearing_hut
Orc:2:    serial_shops, nicolae_shop_temple_entry_statues_fountains,
          uniq_rupert, uniq_harold
Orc:3:    basic_altar, nicolae_orc_pool_cavern, uniq_maud, uniq_maurice
Orc:4:    st_orc_town, mines2_david
Elf:1:    elf_arrival_002, serial_shops, nicolae_shop_stone,
          minmay_elf_annihilation
Elf:2:    serial_shops, nicolae_shop_waterfront, uniq_roxanne
Elf:3:    nooodl_elf_gasket, serial_shops, nicolae_shop_behind_doors,
          uniq_jorgrun, uniq_asterion
Lab:      labyrinth_spiral, nicolae_lab_x

Action                   |  1- 3 |  4- 6 |  7- 9 | 10-12 | 13-15 | 16-18 || total
-------------------------+-------+-------+-------+-------+-------+-------++-------
Melee: Dagger            |    58 |   160 |       |       |       |       ||   218
       War axe           |       |    40 |   135 |   470 |  1146 |   630 ||  2421
       Flail             |       |       |       |       |    10 |       ||    10
       Scimitar          |       |       |       |       |    19 |    23 ||    42
 Fire: Blowgun           |     4 |    12 |    25 |   106 |   113 |     4 ||   264
Throw: Tomahawk          |       |       |       |    38 |    55 |     7 ||   100
       Throwing net      |       |       |       |       |     1 |       ||     1
Invok: Potion Petition   |       |     1 |       |     4 |     1 |     1 ||     7
       Call Merchant     |       |       |       |     1 |     1 |       ||     2
Evoke: Wand              |       |       |     3 |     9 |    13 |     6 ||    31
       Phial of floods   |       |       |       |     1 |     2 |       ||     3
  Use: Scroll            |     7 |     6 |     5 |     7 |    20 |     6 ||    51
       Potion            |       |       |     4 |    11 |     7 |     9 ||    31
 Stab: Sleeping          |    16 |    16 |    34 |    54 |    66 |    29 ||   215
       Distracted        |       |     4 |     3 |    16 |    28 |    15 ||    66
       Invisible         |       |       |     7 |    11 |    20 |     4 ||    42
  Eat: Chunk             |     2 |     4 |       |       |       |       ||     6
       Beef jerky        |       |     1 |     1 |     2 |     5 |     4 ||    13
       Bread ration      |       |     1 |     2 |     2 |     4 |     1 ||    10
       Pizza             |       |       |     1 |       |     6 |     1 ||     8
       Meat ration       |       |       |       |     3 |     4 |       ||     7
       Royal jelly       |       |       |       |     2 |       |     1 ||     3
       Fruit             |       |       |       |     2 |     8 |    16 ||    26
